Map: Prion Terraces

Players

ILLBdA

  • Race: Protoss Protoss
  • League: Diamond

Veteran - Winner!

  • Race: Protoss Protoss
  • League: Diamond

VOD

Have the link to the VOD?

Description

Time

  • Played on: Jan. 3, 2016, 9:26 p.m.
  • Length: 8:25
Show
View Real Time Build Order
Export as new Build Order

ILLBdA Protoss 

Build Orders: Zealot Archon, Dark Templar Rush 

Get SALT Encoding   

  12  0:01  Probe (Chrono Boost)  
  13  0:11  Probe (Chrono Boost)  
  14  0:20  Pylon  
  14  0:22  Probe (Chrono Boost)  
  15  0:38  Gateway  
  15  0:40  Assimilator  
  15  0:44  Probe (Chrono Boost)  
  16  0:59  Probe (Chrono Boost)  
  17  1:10  Probe (Chrono Boost)  
  18  1:11  Assimilator  
  18  1:20  Probe (Chrono Boost)  
  19  1:27  Cybernetics Core  
  19  1:31  Probe (Chrono Boost), Pylon  
  20  1:41  Probe (Chrono Boost)  
  21  1:52  Probe (Chrono Boost)  
  22  2:02  Probe (Chrono Boost)  
  22  2:04  Twilight Council  
  22  2:05  Adept (Chrono Boost)  
  22  2:06  Warp Gate  
  25  2:17  Gateway  
  25  2:21  Mothership Core (Chrono Boost)  
  27  2:40  Probe (Chrono Boost)  
  28  2:45  Pylon  
  29  2:53  Dark Shrine  
  29  2:57  Gateway  
  29  2:59  Stalker  
  30  3:23  Nexus  
  30  3:35  Robotics Facility  
  30  3:40  Probe (Chrono Boost)  
  31  3:50  Probe (Chrono Boost)  
  31  3:53  Pylon  
  32  4:08  Dark Templar x2  
  36  4:13  Probe (Chrono Boost)  
  37  4:17  Gateway  
  37  4:22  Observer (Chrono Boost)  
  38  4:27  Pylon  
  38  4:48  Probe  
  38  4:52  Adept x2  
  43  4:53  Probe  
  44  5:00  Probe  
  44  5:05  Dark Templar  
  44  5:06  Probe  
  46  5:12  Probe  
  47  5:16  Probe  
  47  5:19  Archon  
  48  5:24  Probe  
  48  5:27  Probe  
  46  5:36  Probe, Blink (Chrono Boost)  
  46  5:38  Probe  
  48  5:43  Stalker x2  
  48  5:48  Probe  
  53  5:52  Probe  
  53  5:56  Pylon  
  52  5:59  Forge  
  52  6:01  Stalker  
  52  6:02  Stalker  
  56  6:10  Probe  
  57  6:16  Stalker  
  57  6:17  Stalker  
  61  6:22  Probe x2, Assimilator  
  63  6:27  Assimilator  
  62  6:38  Stalker x2  
  62  6:47  Pylon  
  62  6:49  Pylon  
  62  6:52  Stalker  
  61  7:03  Probe  
  60  7:12  Stalker x2  
  63  7:17  Pylon  
  58  7:35  Stalker x2  
  62  7:44  Pylon  
Show
View Real Time Build Order
Export as new Build Order

Veteran Protoss - Winner!

Build Orders: Phoenix Opening 

Get SALT Encoding   

  12  0:01  Probe (Chrono Boost)  
  13  0:12  Probe (Chrono Boost)  
  14  0:18  Pylon  
  14  0:22  Probe (Chrono Boost)  
  15  0:36  Probe (Chrono Boost)  
  15  0:40  Gateway  
  15  0:42  Assimilator  
  16  0:47  Probe (Chrono Boost)  
  17  0:52  Assimilator  
  17  1:00  Probe (Chrono Boost)  
  18  1:11  Probe (Chrono Boost)  
  19  1:21  Probe (Chrono Boost)  
  20  1:30  Cybernetics Core  
  20  1:32  Probe (Chrono Boost)  
  21  1:39  Pylon  
  21  1:42  Probe (Chrono Boost)  
  22  1:53  Probe (Chrono Boost)  
  23  2:06  Nexus  
  23  2:09  Warp Gate (Chrono Boost)  
  25  2:16  Mothership Core  
  25  2:31  Stargate  
  24  2:37  Adept  
  26  2:47  Pylon  
  26  2:52  Probe  
  26  2:57  Gateway  
  27  3:04  Probe  
  28  3:14  Phoenix  
  30  3:22  Probe  
  31  3:32  Probe  
  32  3:39  Phoenix  
  32  3:41  Probe  
  35  3:43  Probe  
  36  3:53  Probe, Robotics Facility  
  38  4:02  Probe  
  38  4:04  Probe, Phoenix  
  41  4:13  Gateway  
  41  4:14  Probe  
  42  4:17  Pylon  
  42  4:21  Stalker  
  44  4:25  Probe  
  44  4:27  Stalker  
  47  4:38  Oracle (Chrono Boost)  
  47  4:42  Robotics Facility  
  37  5:19  Probe  
  37  5:31  Probe, Observer (Chrono Boost)  
  38  5:43  Probe  
  39  5:50  Observer (Chrono Boost)  
  39  5:53  Probe  
  39  5:55  Probe  
  41  6:04  Probe  
  41  6:07  Probe  
  41  6:08  Phoenix  
  45  6:14  Probe  
  46  6:20  Probe  
  46  6:24  Immortal (Chrono Boost)  
  46  6:25  Probe  
  51  6:32  Probe  
  53  6:35  Probe  
  54  6:44  Probe  
  54  6:46  Stalker, Probe  
  54  6:47  Stalker  
  60  6:56  Probe x2  
  62  7:09  Probe  
  61  7:20  Probe  
  62  7:31  Assimilator  
  62  7:34  Pylon  
  62  7:36  Assimilator  
  62  7:37  Pylon  
  62  7:41  Gateway  
  62  7:43  Pylon  
  62  7:50  Gateway x2, Probe  
  62  7:51  Phoenix  
  62  7:52  Probe  
  66  8:01  Probe  
  66  8:04  Stalker, Probe  
  66  8:05  Stalker x2  
Tags
 
Composition
Zealot Archon
Matchup
PvP
Replay Pack
me
Add a new tag
Caveats
  • Supply blocks, unpowered buildings, or Contaminate may cause inaccurate times.
  • Supply counts are checked every 10 seconds.